 Dungeon Crawl Stone Soup version 0.29-a0-1016-g236c7fd91e (webtiles) character file.

Game seed: 9263698410981267270

7 flotson the Sneak (level 1, -3/18 HPs)
             Began as a Demonspawn Delver on Aug 9, 2022.
             Slain by an iguana (14 damage)
             ... on level 4 of the Dungeon.
             The game lasted 00:01:22 (305 turns).

flotson the Sneak (Demonspawn Delver)                Turns: 305, Time: 00:01:23

Health: -3/18      AC:  3    Str: 12    XL:     1   Next: 83%
Magic:  1/1        EV: 11    Int: 11    God:
Gold:   32         SH:  0    Dex: 14    Spells: 0/0 levels left

rFire   . . .      SeeInvis .   a - +0 spear
rCold   . . .      Faith    .   (no shield)
rNeg    . . .      Spirit   .   b - +0 leather armour
rPois   .          Reflect  .   (no helmet)
rElec   .          Harm     .   (no cloak)
rCorr   .          Rampage  .   (no gloves)
Will    .....                   (no boots)
Stlth   ++........              (no amulet)
HPRegen 0.06/turn               (no ring)
MPRegen 0.07/turn               (no ring)

@: hasted, very quick
A: no striking features
a: no special abilities


You were on level 4 of the Dungeon.
You visited 1 branch of the dungeon, and saw 4 of its levels.

You collected 32 gold pieces.

Inventory:

Hand Weapons
 a - a +0 spear (weapon)
Armour
 b - a +0 leather armour (worn)
Jewellery
 j - a ring of poison resistance
Wands
 g - a wand of digging (2)
 i - a wand of flame (24)
Scrolls
 c - a scroll of fog
 d - a scroll of magic mapping
 h - a scroll of immolation {unknown}
 k - a scroll of teleportation {unknown}
 n - a scroll of butterflies {unknown}
 o - a scroll of identify {unknown}
Potions
 f - a potion of haste
 l - a potion of flight {unknown}
 m - a potion of lignification {unknown}


   Skills:
 + Level 3.1 Fighting
 - Level 1.7 Polearms
 + Level 0.4 Armour
 + Level 1.9 Dodging
 - Level 4.5 Stealth
 + Level 0.4 Evocations


You couldn't memorise any spells.
You didn't know any spells.
Your spell library was empty.

Dungeon Overview and Level Annotations

Branches:
Dungeon (5/15)
 Temple: D:4-7

Altars:


Message History

2 orc wizards come into view.
The orc wizard shouts! x2; You hear a shout!
The orc wizard moves out of view.
An orc comes into view. It is wielding a +0 war axe.
The orc moves out of view.
As you read the scroll of fear, it crumbles to dust.
You assume a fearsome visage.
The orc wizard looks frightened!
The orc wizard casts a spell.
The orc wizard flickers and vanishes!
Deactivating autopickup; reactivate with Ctrl-A.
You see here a +0 war axe.
Things that are here:
a +0 dagger; a goblin corpse
Found a stone staircase leading up.
An iguana comes into view.
An endoplasm comes into view.
Found a glowing ring mail.
The iguana hisses angrily.
The endoplasm quivers.
You feel yourself speed up.
Aiming: Dig
Press: ? - help, Shift-Dir - straight line A rock wall.
The rock shatters into small pieces.
You hit the endoplasm but do no damage. The endoplasm freezes you.
You are frozen.
You hit the endoplasm.
The endoplasm is lightly wounded.
You hit the endoplasm.
The endoplasm is severely wounded.
The iguana bites you. The endoplasm freezes you.
You are frozen.
You hit the endoplasm but do no damage.
The endoplasm is severely wounded.
The endoplasm hits you but does no damage.
The iguana bites you!
Ouch! That really hurt!
You die...

#......# ####.##
#.####...#
.###.....# #.#
##### ....[... #.#
...... #.# #...
#.# #.o. #.#
#J#.#####.#
#@#.......########
#l##.....o).).....
#.##.############.
.######.##.# ##
...........#
############


You could see an iguana, an orc and an endoplasm.

Vanquished Creatures
  2 ball pythons
  A bat (D:3)
  2 goblins
  A quokka (D:4)
6 creatures vanquished.

Notes
Turn   | Place    | Note
-------+----------+-------------------------------------------
     0 | D:5      | flotson the Demonspawn Delver began the quest for the Orb.
     0 | D:5      | Reached XP level 1. HP: 18/18 MP: 1/1
     4 | D:5      | Noticed a hound
   211 | D:2      | You fall into a shaft and drop 2 floors!
   266 | D:4      | Noticed an orc wizard
   266 | D:4      | Noticed an orc wizard
   288 | D:4      | Noticed an iguana
   305 | D:4      | Slain by an iguana

Illustrated notes

Levels and vault maps discovered:
D:2:      layout_basic, minmay_crystal_room
D:3:      layout_basic
D:4:      layout_loops_ring, yredelemnul_altar_generic
D:5:      layout_basic, nicolae_overflow_crystal_walls,
          nicolae_uskayaw_murder_on_the_dancefloor,
          nicolae_overflow_hidden_temple, nicolae_ashenzari_panopticon

Action                   || total
-------------------------++-------
Melee: Spear             ||    19
Evoke: Wand              ||     1
  Use: Scroll            ||     1
       Potion            ||     1
 Stab: Sleeping          ||     3
Armor: Leather armour    ||     4
Dodge: Dodged            ||     4

Table legend: (Time is in decaauts)
 A = Elapsed time spent in this place.
 B = Non-inter-level travel time spent in this place.
 C = Inter-level travel time spent in this place.
 D = Time resting spent in this place.
 E = Time spent auto-exploring this place.
 F = Levels seen in this place.
 G = Mean time per level.
                   A        B        C        D        E       F      G
               +--------+--------+--------+--------+--------+-----+--------+
         Total |    300 |    300 |      0 |      0 |    126 |   4 |   75.0 |
       Dungeon |    300 |    300 |      0 |      0 |    126 |   4 |   75.0 |
               +--------+--------+--------+--------+--------+-----+--------+

Top non-repeatable levels by time:
     D:4: 108 daAuts
     D:3: 104 daAuts
     D:5: 74 daAuts
     D:2: 12 daAuts
